 Dungeon Crawl Stone Soup version 0.27-a0-631-g2d681adce0 (webtiles) character file.

Game seed: 4391936169210870430

46 hyperquik the Vexing (level 3, -8/33 HPs)
             Began as a Naga Arcane Marksman on Mar 13, 2021.
             Splashed by a jelly's acid (9 damage)
             ... on level 2 of the Dungeon.
             The game lasted 00:06:13 (2077 turns).

hyperquik the Vexing (Naga Arcane Marksman)         Turns: 2077, Time: 00:06:13

Health: -8/33      AC:  0    Str: 10 (12) XL:     3   Next: 68%
Magic:  4/4        EV: 10    Int: 11 (13) God:
Gold:   54         SH:  0    Dex: 15 (18) Spells: 3/4 levels left

rFire    . . .     SeeInvis +   a - +0 dagger
rCold    . . .     Faith    .   (no shield)
rNeg     . . .     Spirit   .   e - +0 robe
rPois    +         Reflect  .   f - +1 helmet
rElec    .         Harm     .   (no cloak)
rCorr    .         Rampage  .   (no gloves)
Will     .....                  (no barding)
Stlth    ++........             (no amulet)
HPRegen  0.11/turn              i - +6 ring of dexterity
MPRegen  0.09/turn              (no ring)

@: short of breath, corroded, very slow
A: AC +1, large, see invisible, deformed body, poison resistance, slowness 2,
spit poison 1, naga tail 1
a: Spit Poison


You were on level 2 of the Dungeon.
You visited 1 branch of the dungeon, and saw 2 of its levels.

You collected 54 gold pieces.


Innate Abilities, Weirdness & Mutations

Your serpentine skin is tough. (AC +1)
You have supernaturally acute eyesight. (SInv)
Armour fits poorly on your strangely shaped body.
Your system is resistant to poisons. (rPois)
You cover ground very slowly.
You can spit poison.
You have a snake-like lower body.


   Skills:
 + Level 2.7 Fighting
 - Level 1.7 Throwing
 - Level 1.5 Dodging
 - Level 3.0 Stealth
 - Level 1.0 Spellcasting
 - Level 3.0 Hexes


You had 3 spell levels left.
You knew the following spells:

 Your Spells              Type           Power      Damage    Failure   Level
z - Corona                Hex            7%         N/A       10%         1

Your spell library contained the following spells:

 Spells                   Type           Power      Damage    Failure   Level
 Slow                     Hex            7%         N/A       14%         2
 Inner Flame              Hex/Fire       3%         N/A       45%         3
 Portal Projectile        Hex/Tloc       6%         N/A       45%         3
 Cause Fear               Hex            3%         N/A       67%         4
 Leda's Liquefaction      Hex/Erth       1%         N/A       86%         4

Inventory:

Hand Weapons
 a - a +0 dagger (weapon)
Missiles
 c - 5 javelins
 d - 2 throwing nets {!f}
 Q - 86 stones (quivered)
Armour
 e - a +0 robe (worn)
 f - a +1 helmet (worn)
Jewellery
 i - a +6 ring of dexterity (right hand)
Potions
 g - a potion of degeneration {!q}

Dungeon Overview and Level Annotations

Branches:
Dungeon (2/15)

Altars:

#.........#..#####)#
####.####.##.#..#
#.#
#.......#.##....#
#..
#.##..#.#.####.##
### #.#...#.#......#
## #.#.#.#.########
#. ##....##.# #.
#......).# #.
#.##.##@## . #.
#.##.##J## .. #.
#.##.....# .< ##.
#.#####..# .# #..
#.#####..###.### #.#
#........#....#..
#.#
########....J.....
#.#
#..........?###.#
##...............


You could see a jelly.


Message History

There was something very wrong with that liquid.
You feel weakened.
You feel dopey.
You feel clumsy. The jelly hits you but does no damage.
Unknown command.
Unknown command.
You hit the jelly but do no damage.
Your hands burn!
You have got your breath back.
The jelly closely misses you.
You take 4 damage, and have 17/33 hp.
Okay, then.
As you read the scroll labelled IRAWEI BIFECAI, it crumbles to dust.
It is a scroll of identify.
You don't have any unidentified items.
The jelly hits you.
* * * LOW HITPOINT WARNING * * *
The acid corrodes you!
You are splashed with acid!
* * * LOW HITPOINT WARNING * * *
You take 10 damage, and have 7/33 hp.
MASSIVE DAMAGE!!
Aim: a jelly (heavily wounded)
The splash of poison hits the jelly.
The jelly barely misses you.
Okay, then.
You hit the jelly but do no damage.
Your hands burn!
* * * LOW HITPOINT WARNING * * *
The jelly hits you.
* * * LOW HITPOINT WARNING * * *
You are splashed with acid!
You die...

Skill      XL: |  1  2 |
---------------+-------+-----
Stealth        | 2 3 |  3.0
Fighting       | 2 |  2.7
Throwing       | |  1.7
Dodging        | |  1.5
Spellcasting   | |  1.0
Hexes          | |  3.0

Action                   || total
-------------------------++-------
Melee: Unarmed           ||     1
       Dagger            ||    96
Throw: Javelin           ||    12
 Cast: Corona            ||    10
 Abil: Spit Poison       ||    23
  Use: Potion            ||     4
       Scroll            ||     1
 Stab: Sleeping          ||     4
Armor: Robe              ||    63
Dodge: Dodged            ||    95

Levels and vault maps discovered:
D:1:      lemuel_arrival_tunnels, layout_basic, item_on_display_a
D:2:      layout_loops_cross, nrook_mini_backslash

Notes
Turn   | Place    | Note
-------+----------+-------------------------------------------
     0 | D:1      | hyperquik the Naga Arcane Marksman began the quest for the
                  | Orb.
     0 | D:1      | Reached XP level 1. HP: 18/18 MP: 2/2
    57 | D:1      | Reached skill level 1 in Stealth
    57 | D:1      | Reached skill level 2 in Stealth
   120 | D:1      | Reached XP level 2. HP: 13/25 MP: 1/3
   378 | D:1      | Reached skill level 3 in Stealth
   861 | D:1      | Reached skill level 2 in Fighting
   861 | D:1      | Reached XP level 3. HP: 32/32 MP: 4/4
   954 | D:1      | Identified a +6 ring of dexterity
  1437 | D:1      | HP: 7/32 [jackal (2)]
  1442 | D:1      | HP: 6/32 [jackal (1)]
  1809 | D:2      | Identified 2 potions of curing
  1821 | D:2      | Identified a potion of ambrosia
  2073 | D:2      | Identified 2 potions of degeneration
  2075 | D:2      | Identified a scroll of identify
  2075 | D:2      | HP: 7/33 [acid (8)]
  2077 | D:2      | HP: 1/33 [jelly (3)]
  2077 | D:2      | Splashed by a jelly's acid

Vanquished Creatures
  An adder (D:2)
  An ooze (D:1)
  4 bats
  A giant cockroach (D:1)
  A hobgoblin (D:1)
  6 jackals (D:1)
  2 kobolds
  3 frilled lizards (D:1)
  8 goblins
  5 rats
32 creatures vanquished.

Table legend: (Time is in decaauts)
 A = Elapsed time spent in this place.
 B = Non-inter-level travel time spent in this place.
 C = Inter-level travel time spent in this place.
 D = Time resting spent in this place.
 E = Time spent auto-exploring this place.
 F = Levels seen in this place.
 G = Mean time per level.
                   A        B        C        D        E       F      G
               +--------+--------+--------+--------+--------+-----+--------+
         Total |   2575 |   2528 |     47 |    655 |   1484 |   2 | 1287.5 |
       Dungeon |   2575 |   2528 |     47 |    655 |   1484 |   2 | 1287.5 |
               +--------+--------+--------+--------+--------+-----+--------+

Top non-repeatable levels by time:
     D:1: 2206 daAuts
     D:2: 368 daAuts

Table legend:
 A = Kills in this place as a percentage of kills in entire the game.
 B = Kills by you in this place as a percentage of kills by you in the entire game.
 C = Kills by friends in this place as a percentage of kills by friends in the entire game.
 D = Other kills in this place as a percentage of other kills in the entire game.
 E = Experience gained in this place as a percentage of experience gained in the entire game.
 F = Experience gained in this place divided by the number of levels of this place that you have seen.
                   A       B       C       D       E      F
               +-------+-------+-------+-------+-------+----------------------
         Total | 100.0 | 100.0 |   N/A |   N/A | 100.0 |  33.5
       Dungeon | 100.0 | 100.0 |   N/A |   N/A | 100.0 |  33.5
               +-------+-------+-------+-------+-------+----------------------

Table legend:
 A = Non-vault XP
 B = Vault XP
 C = Vault XP percentage of total XP
 D = Non-vault monster count
 E = Vault monster count
 F = Vault count percentage of total count
                 A         B        C        D         E       F
            +---------+---------+-------+---------+---------+-------
      Total |      67 |       0 |   0.0 |      32 |       0 |   0.0
            +---------+---------+-------+---------+---------+-------
        D:1 |      48 |       0 |   0.0 |      26 |       0 |   0.0
        D:2 |      19 |       0 |   0.0 |       6 |       0 |   0.0
            +---------+---------+-------+---------+---------+-------
